 Dungeon Crawl Stone Soup version 0.31-a0-188-g5e087ee2ca (webtiles) character file.

Game seed: 2101683680128072448

53 qw the Shooter (level 3, -2/20 HPs)
             Began as a Deep Elf Hunter on June 23, 2023.
             Slain by a hobgoblin (3 damage)
             ... led by Robin
             ... on level 2 of the Dungeon.
             The game lasted 00:00:21 (853 turns).

qw the Shooter (Deep Elf Hunter)                     Turns: 853, Time: 00:00:21

Health: -2/20      AC:  5    Str: 10    XL:     3   Next: 62%
Magic:  5/5        EV: 11    Int: 13    God:
Gold:   31         SH:  0    Dex: 18    Spells: 2/2 levels left

rFire   . . .        Y - +0 shortbow
rCold   . . .        (shield currently unavailable)
rNeg    . . .        j - +0 ring mail
rPois   .            (no helmet)
rElec   .            f - scarf {repulsion}
rCorr   .            (no gloves)
SInv    .            (no boots)
Will    .....        (no amulet)
Stlth   +            (no ring)
HPRegen 0.23/turn    (no ring)
MPRegen 0.09/turn

%: repel missiles
@: no status effects
A: no striking features
a: no special abilities


You were on level 2 of the Dungeon.
You visited 1 branch of the dungeon, and saw 2 of its levels.

You collected 31 gold pieces.


   Skills:
 - Level 1.5 Fighting
 + Level 7.1 Ranged Weapons
 - Level 2.4 Dodging
 - Level 1.2 Stealth


You had 2 spell levels left.
You didn't know any spells.
Your spell library was empty.

Inventory:

Hand Weapons
 Y - a +0 shortbow (weapon)
Armour
 f - a scarf of repulsion (worn)
 j - a +0 ring mail (worn)

Dungeon Overview and Level Annotations

Branches:
Dungeon (2/15)

Altars:

Annotations:
D:2 Robin


Message History

A goblin comes into view. It is wielding a +0 dagger.
Robin says, "Kneel, worm!"
Robin throws the goblin at you! The goblin barely misses you.
The hobgoblin hits you but does no damage.
The goblin moves out of view.
846 ||| Stepping ~*~*~tactically~*~*~ (outnumbered).
You shoot an arrow. The arrow barely misses the hobgoblin.
The goblin shouts!
The arrow hits the goblin.
The goblin is almost dead.
You hear a shout!
The hobgoblin hits you.
You shoot an arrow. The arrow closely misses the goblin.
The goblin hits you with a +0 dagger.
You shoot an arrow. The arrow barely misses the goblin.
The hobgoblin closely misses you. The goblin barely misses you.
The goblin hits you with a +0 dagger.
You shoot an arrow. The arrow hits the goblin!
You kill the goblin!
Robin throws the goblin at you! The hobgoblin hits you.
The goblin closely misses you. The goblin hits you with a +0 dagger.
You shoot an arrow. The arrow closely misses the goblin.
The arrow hits the goblin!
You kill the goblin!
Robin says, "Kneel, worm!"
The hobgoblin hits you. The hobgoblin closely misses you.
The goblin hits you but does no damage. x2
The goblin hits you with a +0 dagger. The hobgoblin hits you.
The goblin closely misses you. The hobgoblin misses you.
You shoot an arrow. The arrow hits the goblin.
You kill the goblin!
The hobgoblin hits you.
Robin roars a battlecry!
The goblins go into a battle-frenzy!
The hobgoblin hits you but does no damage.
The goblin hits you with a +0 dagger.
You shoot an arrow. The arrow hits the goblin!
You kill the goblin!
The hobgoblin hits you.
You die...

....... g......
....... g..g...
....... .# .....
..# ####<.#
.....######.@g).##
..........ggg...#
..#...#..####..#
#.###.#.## ...#
#.# #...## #..#
#..###..(## #.#
#.........## ...
##.........# .#
###.......#


You could see Robin, 2 hobgoblins and 2 goblins.

Vanquished Creatures
  A gnoll (D:1)
  2 dart slugs (D:1)
  3 endoplasms (D:1)
  8 goblins
  2 hobgoblins (D:1)
  6 jackals (D:1)
  A kobold (D:1)
  4 ball pythons (D:1)
  3 bats (D:1)
  3 frilled lizards (D:1)
  3 rats
36 creatures vanquished.

Notes
Turn   | Place    | Note
-------+----------+-------------------------------------------
     0 | D:1      | qw the Deep Elf Hunter began the quest for the Orb.
     0 | D:1      | Reached XP level 1. HP: 12/12 MP: 3/3
     0 | D:1      | 0 ||| qw: Version: 0.3-a-9-g12657ce
     0 | D:1      | 0 ||| qw: Game counter: 3949
     0 | D:1      | 0 ||| qw: Always use a shield: true
     0 | D:1      | 0 ||| qw: God list: Okawaru
     0 | D:1      | 0 ||| qw: Allow faded altars: false
     0 | D:1      | 0 ||| qw: Do Orc after D:15 true
     0 | D:1      | 0 ||| qw: Do second Lair branch before Depths: true
     0 | D:1      | 0 ||| qw: Lair rune preference: random
     0 | D:1      | 0 ||| qw: Plans: Normal
     0 | D:1      | 0 ||| PLANNING D:1-11
   215 | D:1      | Reached skill level 6 in Ranged Weapons
   215 | D:1      | Reached XP level 2. HP: 12/16 MP: 4/4
   494 | D:1      | Reached XP level 3. HP: 20/20 MP: 5/5
   593 | D:1      | 593 ||| Stepping ~*~*~tactically~*~*~ (outnumbered).
   598 | D:1      | Reached skill level 7 in Ranged Weapons
   770 | D:1      | 770 ||| UPGRADING to scarf of repulsion.
   775 | D:1      | 775 ||| UPGRADING to +0 ring mail.
   785 | D:1      | 785 ||| DROPPING +0 leather armour.
   786 | D:1      | 786 ||| READING scroll labelled XYULENI BAONU.
   789 | D:1      | 789 ||| READING scroll labelled NYUXEB ZEPSONKOA.
   790 | D:1      | 790 ||| READING scroll labelled OKETHA ASOTHAM.
   791 | D:1      | 791 ||| READING scroll labelled JADITW JAEF.
   792 | D:1      | 792 ||| READING scroll labelled PIASHR CANAA.
   793 | D:1      | 793 ||| DROPPING scroll of butterflies.
   840 | D:2      | Noticed Robin
   842 | D:2      | 842 ||| Stepping ~*~*~tactically~*~*~ (outnumbered).
   846 | D:2      | 846 ||| Stepping ~*~*~tactically~*~*~ (outnumbered).
   851 | D:2      | HP: 5/20 [goblin/+0 dagger[Robin] (1)]
   852 | D:2      | HP: 1/20 [goblin/+0 dagger[Robin] (3)]
   853 | D:2      | Slain by a hobgoblin

Levels and vault maps discovered:
D:1:      minmay_arrival_widening_spiral_narrow, layout_loops_ring
D:2:      layout_rooms, uniq_robin

Skill      XL: |  1  2  3 |
---------------+----------+-----
Ranged Weapons | 6 7 |  7.1
Fighting       | |  1.5
Dodging        | |  2.4
Stealth        | |  1.2

Action                     || total
---------------------------++-------
   Fire: Shortbow          ||    83
    Use: Scroll            ||     5
 Armour: Leather armour    ||     5
         Ring mail         ||     5
  Dodge: Dodged            ||    24

Table legend:
 A = Non-vault XP
 B = Vault XP
 C = Vault XP percentage of total XP
 D = Non-vault monster count
 E = Vault monster count
 F = Vault count percentage of total count
                 A         B        C        D         E       F
            +---------+---------+-------+---------+---------+-------
      Total |      68 |      10 |  12.8 |      31 |       5 |  13.9
            +---------+---------+-------+---------+---------+-------
        D:1 |      67 |       0 |   0.0 |      30 |       0 |   0.0
        D:2 |       1 |      10 |  90.9 |       1 |       5 |  83.3
            +---------+---------+-------+---------+---------+-------
